Map: 破晓之战 - 天梯版 (虚空)

Players

DeMusliM

  • Race: Terran Terran
  • League: Master
  • Spawn Location: 7:00

iGXY (XY) - Winner!

  • Race: Terran Terran
  • Spawn Location: 1:00

Event: WESG 2016 Finals

VOD

Have the link to the VOD?

Description

Time

  • Played on: Jan. 12, 2017, 7:45 a.m.
  • Length: 9:40

All games in this series

Show
View Real Time Build Order
Export as new Build Order

DeMusliM Terran 

Build Orders: 1/1/1, MMM Bio 

Get SALT Encoding   

  12  0:00  SCV  
  13  0:13  SCV  
  14  0:17  Supply Depot  
  14  0:25  SCV  
  15  0:29  Refinery  
  15  0:39  SCV  
  16  0:45  Barracks  
  16  0:51  SCV  
  16  0:56  Refinery  
  17  1:03  SCV  
  18  1:15  SCV  
  19  1:32  Orbital Command  
  19  1:34  Factory  
  19  1:36  Reaper  
  20  1:54  Supply Depot  
  20  1:59  SCV  
  21  2:08  Marine  
  22  2:11  SCV  
  23  2:17  Starport  
  23  2:19  Factory Tech Lab  
  23  2:23  SCV  
  23  2:25  Marine  
  25  2:35  SCV  
  25  2:36  Supply Depot  
  26  2:43  Marine  
  27  2:44  Widow Mine  
  29  2:52  SCV  
  30  3:01  Marine, Raven  
  30  3:04  SCV  
  34  3:06  Supply Depot  
  34  3:14  Factory Tech Lab  
  34  3:16  SCV  
  35  3:20  Barracks Reactor  
  35  3:28  SCV  
  35  3:32  Siege Tank  
  38  3:39  Supply Depot  
  38  3:41  SCV  
  39  3:44  Viking  
  41  4:08  SCV  
  42  4:18  Command Center, Siege Tank  
  42  4:20  Marine, SCV  
  42  4:23  Medivac  
  49  4:28  Supply Depot  
  49  4:29  Medivac  
  51  4:38  Marine  
  48  5:04  SCV  
  47  5:12  Marine, Siege Tank  
  48  5:16  SCV  
  48  5:17  Viking  
  48  5:19  Viking  
  51  5:22  Command Center  
  51  5:28  SCV  
  52  5:32  Marine  
  53  5:40  SCV  
  54  5:45  Command Center  
  54  5:50  Stimpack  
  54  5:52  SCV  
  53  6:04  SCV  
  54  6:13  Engineering Bay, Siege Tank  
  54  6:14  Engineering Bay  
  54  6:16  SCV  
  58  6:28  SCV  
  54  6:37  Marine  
  43  6:40  SCV  
  43  6:41  Viking, Orbital Command  
  46  6:48  Terran Infantry Weapons Level 1  
  46  6:52  Barracks  
  46  6:53  SCV  
  47  6:56  Orbital Command  
  47  7:02  Barracks, Terran Infantry Armor Level 1  
  47  7:05  SCV  
  47  7:08  Refinery  
  48  7:10  Refinery  
  48  7:15  Viking  
  49  7:17  SCV  
  49  7:21  SCV  
  49  7:22  Marine  
  52  7:23  SCV  
  52  7:29  SCV  
  54  7:32  Barracks  
  54  7:33  SCV  
  54  7:34  Barracks  
  55  7:38  Orbital Command, Missile Turret  
  55  7:41  SCV  
  55  7:45  SCV  
  55  7:47  Marine  
  55  7:49  Barracks Reactor  
  55  7:51  Combat Shields  
  56  7:53  SCV  
  56  7:56  Barracks Reactor  
  56  7:57  SCV  
  58  7:58  Missile Turret  
  58  7:59  Armory  
  58  8:01  Supply Depot  
  58  8:03  SCV  
  58  8:05  SCV  
  60  8:09  SCV  
  60  8:12  Marine  
  62  8:14  Siege Tank  
  62  8:15  SCV  
  62  8:17  SCV  
  62  8:19  Supply Depot x2  
  67  8:21  SCV  
  67  8:22  Barracks Reactor x2  
  68  8:27  Marine x2  
  68  8:30  Medivac  
  68  8:32  Marine x2  
  74  8:38  Marine  
  74  8:44  Supply Depot  
  74  8:45  Marine x2, Supply Depot  
  74  8:47  Medivac, Siege Tank  
  81  8:50  Marine x2  
  78  8:56  Marine  
  78  8:58  Marine x3  
  78  8:59  Marine  
  75  9:02  Marine  
  75  9:06  Marine  
  75  9:07  Marine  
  75  9:08  Marine  
  64  9:14  Marine, SCV  
  64  9:16  Marine x3  
  65  9:17  Marine  
  65  9:20  Marine  
  65  9:22  SCV x2  
Show
View Real Time Build Order
Export as new Build Order

iGXY Terran - Winner!

Build Orders: Cyclone Opening, Reaper Expand, MMM Bio 

Get SALT Encoding   

  12  0:00  SCV  
  13  0:12  SCV  
  14  0:17  Supply Depot  
  14  0:25  SCV  
  15  0:28  Refinery  
  15  0:39  SCV  
  16  0:46  Barracks  
  16  0:51  SCV  
  17  1:03  SCV  
  18  1:15  SCV  
  19  1:32  Orbital Command, Reaper  
  20  1:43  Command Center  
  20  1:54  Factory  
  20  1:58  SCV  
  21  2:03  Refinery  
  21  2:06  Barracks Reactor  
  21  2:10  SCV  
  22  2:16  Supply Depot  
  22  2:22  SCV  
  23  2:37  SCV, Cyclone  
  23  2:42  Marine x2  
  29  2:49  SCV  
  30  2:54  Starport  
  30  2:58  Orbital Command  
  30  3:01  SCV  
  30  3:04  Marine  
  32  3:07  Marine  
  33  3:14  SCV  
  34  3:24  SCV  
  34  3:26  SCV  
  36  3:27  Marine x2  
  38  3:36  SCV, Supply Depot  
  38  3:37  Cyclone  
  38  3:40  SCV  
  43  3:47  Medivac  
  43  3:48  SCV  
  46  3:55  Supply Depot  
  46  3:57  SCV  
  46  4:00  Marine x2  
  48  4:03  SCV  
  48  4:09  SCV, Supply Depot  
  50  4:15  SCV  
  51  4:17  Viking, Factory Tech Lab  
  51  4:22  Marine x2, SCV  
  56  4:27  SCV  
  57  4:34  SCV  
  58  4:39  SCV  
  58  4:43  Command Center  
  58  4:44  Marine  
  60  4:46  SCV  
  60  4:51  SCV  
  62  4:52  Starport Tech Lab  
  62  4:58  SCV  
  61  5:03  SCV  
  61  5:05  Siege Tank  
  60  5:10  SCV  
  52  5:15  SCV  
  52  5:18  Barracks  
  52  5:20  Starport Reactor  
  53  5:21  Marine, Stimpack  
  53  5:22  SCV  
  53  5:23  Barracks  
  53  5:25  Refinery  
  53  5:26  Refinery  
  53  5:28  SCV  
  56  5:31  Engineering Bay  
  56  5:32  Engineering Bay  
  56  5:34  SCV  
  57  5:37  Siege Tank  
  57  5:40  SCV  
  57  5:42  Marine, Supply Depot  
  62  5:46  SCV  
  63  5:52  SCV  
  63  5:54  Barracks  
  64  5:57  Barracks  
  64  5:58  SCV  
  64  6:00  Marine  
  64  6:01  Medivac x2  
  71  6:04  Orbital Command  
  71  6:05  Marine  
  71  6:06  Marine, SCV  
  71  6:11  Marine  
  73  6:16  SCV  
  74  6:18  Marine  
  74  6:22  SCV  
  74  6:23  Marine  
  74  6:24  Marine  
  70  6:28  SCV  
  63  6:34  SCV  
  63  6:36  Marine, SCV  
  64  6:41  Marine, SCV, Barracks Reactor  
  64  6:42  Marine  
  64  6:45  Barracks Reactor  
  64  6:46  Barracks Reactor, SCV  
  67  6:47  Terran Infantry Weapons Level 1  
  67  6:48  SCV  
  67  6:50  Terran Infantry Armor Level 1  
  67  6:53  SCV  
  69  6:54  Marine  
  69  6:58  SCV  
  69  6:59  Marine  
  69  7:00  Marine, SCV  
  74  7:04  Siege Tank  
  74  7:05  SCV  
  78  7:10  SCV  
  78  7:12  Marine, SCV  
  81  7:17  Marine, SCV  
  81  7:18  Marine  
  81  7:20  Marine x2  
  86  7:23  SCV  
  86  7:24  Refinery, SCV, Medivac x2, Combat Shields  
  86  7:25  Refinery  
  86  7:27  Marine  
  93  7:32  Supply Depot  
  93  7:35  Armory  
  93  7:42  Supply Depot, Missile Turret  
  93  7:51  Marine x7  
  93  7:52  SCV  
  93  7:53  Marine x2, Siege Tank  
  93  7:54  Medivac  
  108  7:59  SCV  
  108  8:00  Supply Depot  
  108  8:03  Supply Depot  
  108  8:04  SCV  
  110  8:09  Marine x7, Supply Depot x2  
  117  8:16  Factory  
  117  8:22  Marine x2  
  119  8:28  Marine x3  
  119  8:29  Siege Tank  
  125  8:38  Marine x3, Medivac x2  
  125  8:39  Marine  
  125  8:40  Marine x2  
  133  8:45  SCV x2, Supply Depot  
  130  8:57  SCV  
  130  8:58  Marine  
  130  8:59  Marine x2  
  130  9:01  Marine x3, Siege Tank  
  138  9:07  SCV  
  138  9:09  Marine x2  
  134  9:11  SCV x2  
  134  9:16  Marine  
  129  9:17  Marine  
  129  9:19  SCV  
  129  9:22  Marine x2  
  133  9:34  Barracks Reactor  
Tags
 
Add a new tag
Caveats
  • Supply blocks, unpowered buildings, or Contaminate may cause inaccurate times.
  • Supply counts are checked every 10 seconds.